 Dungeon Crawl Stone Soup version 0.30-a0-860-g512cf1e979 (webtiles) character file.

Game seed: 3428734787472717028

151774 iguanaiguana the Summoner (level 16, -8/134 HPs)
             Began as an Armataur Ice Elementalist on Mar 8, 2023.
             Was a High Priest of Ashenzari.
             Mangled by an eldritch tentacle (19 damage)
             ... called by the player character
             ... on level 4 of the Spider Nest.
             The game lasted 01:59:39 (10819 turns).

iguanaiguana the Summoner (AtIE)                   Turns: 10819, Time: 01:59:40

Health: -8/134     AC: 19    Str: 16      XL:     16   Next: 72%
Magic:  20/41      EV:  9    Int: 27      God:    Ashenzari [*****.]
Gold:   961        SH:  7    Dex: 16 (18) Spells: 3/40 levels left

rFire   + + .      SeeInvis +    B - staff of death (curse) {Elem, Cun}
rCold   . . .      Faith    .    x - +3 buckler of the Unyielding Gaze {rPois rF++ Dex+3, Evo, Comp} (curse)
rNeg    + . .      Spirit   .    d - +0 troll leather armour "Behold Eternity" {Regen+, Pargi, Melee, Comp} (curse)
rPois   +          Reflect  .    V - +2 helmet "Share My Insecurity" {Comp, Melee} (curse)
rElec   .          Roll     +    u - +1 cloak "Ensconced With Me" {rPois Str+4 Int-2 Stlth+, Comp, Elem} (curse)
rCorr   .          Clarity  +    (no gloves)
Will    +....                    W - +2 barding
Stlth   ++++                     I - amulet of Ashenzari's Moon {RegenMP, Comp, Fort} (curse)
HPRegen 1.22/turn                b - ring "Share My Affliction" {Int+6, Comp, Range} (curse)
MPRegen 0.67/turn                z - ring of Ashenzari's Suspicion {MP+9, Bglg, Elem} (curse)

@: studying Conjurations
A: large, rugged brown scales 3, deformed body, armoured tail, roll, long
tongue, awkward tongue, agile 1
}: 1/15 runes: decaying
a: Renounce Religion, Curse Item, Shatter the Chains


You were on level 4 of the Spider Nest.
You worshipped Ashenzari.
Ashenzari was extremely pleased with you.
You visited 6 branches of the dungeon, and saw 28 of its levels.
You also visited: Bailey, Gauntlet, Ice Cave and Volcano.

You collected 2564 gold pieces.
You spent 1603 gold pieces at shops.

Inventory:

Missiles
 g - 34 poisoned darts (quivered)
 O - 14 silver javelins
 U - 3 boomerangs of dispersal
 X - 2 silver boomerangs
 Y - 8 curare-tipped darts
Armour
 d - the cursed +0 troll leather armour "Behold Eternity" (worn) {Regen+, Pargi, Melee, Comp}
   (You found it on level 4 of the Dungeon)

   Regen:     It increases your rate of health regeneration.
   It has a curse which improves the following skills: Melee Combat: Short
   Blades, Long Blades, Axes, Maces & Flails, Polearms, Staves and Unarmed
   Combat.
   Companions: Summonings and Necromancy.
 u - the cursed +1 cloak "Ensconced With Me" (worn) {rPois Str+4 Int-2 Stlth+, Comp, Elem}
   (You bought it in a shop on level 11 of the Dungeon)

   Str:       It affects your strength (+4).
   Int:       It affects your intelligence (-2).
   rPois:     It protects you from poison.
   Stlth:     It makes you more stealthy.
   It has a curse which improves the following skills: Companions: Summonings
   and Necromancy.
   Elements:  Fire Magic, Ice Magic, Air Magic and Earth Magic.
 x - the cursed +3 buckler of the Unyielding Gaze (worn) {rPois rF++ Dex+3, Evo, Comp}
   (You bought it in a shop on level 2 of the Orcish Mines)

   Dex:       It affects your dexterity (+3).
   rF:        It greatly protects you from fire.
   rPois:     It protects you from poison.
   It has a curse which improves the following skills: Evocations: Evocations.
   Companions: Summonings and Necromancy.
 E - a +2 helmet of intelligence
 M - a +0 troll leather armour
 V - the cursed +2 helmet "Share My Insecurity" (worn) {Comp, Melee}
   (You bought it in a shop on level 11 of the Dungeon)

   It has a curse which improves the following skills: Companions: Summonings
   and Necromancy.
   Melee Combat: Short Blades, Long Blades, Axes, Maces & Flails, Polearms,
   Staves and Unarmed Combat.
 W - a +2 barding (worn)
Magical Staves
 A - a staff of air
 B - a cursed staff of death (weapon) {Elem, Cun}
 Q - a staff of earth
Jewellery
 b - the cursed ring "Share My Affliction" (left hand) {Int+6, Comp, Range}
   (You found it on level 4 of the Dungeon)

   [ring of intelligence]

   Int:       It affects your intelligence (+6).
   It has a curse which improves the following skills: Companions: Summonings
   and Necromancy.
   Ranged Combat: Ranged Weapons and Throwing.
 z - the cursed ring of Ashenzari's Suspicion (right hand) {MP+9, Bglg, Elem}
   (You bought it in a shop on level 8 of the Dungeon)

   [ring of magical power]

   MP:        It affects your magic capacity (+9).
   It has a curse which improves the following skills: Beguiling: Conjurations,
   Hexes and Translocations.
   Elements:  Fire Magic, Ice Magic, Air Magic and Earth Magic.
 C - a ring of fire
 G - the ring "Wyaduom" {+Blink Will+ Str+3}
   (You found it in a Gauntlet)

   [ring of willpower]

   Str:       It affects your strength (+3).
   +Blink:    It lets you blink.
   Will:      It increases your willpower.
 I - the cursed amulet of Ashenzari's Moon (around neck) {RegenMP, Comp, Fort}
   (You bought it in a shop on level 3 of the Dungeon)

   [amulet of magic regeneration]

   It increases your rate of magic regeneration.
   It has a curse which improves the following skills: Companions: Summonings
   and Necromancy.
   Fortitude: Armour and Shields.
 J - an amulet of regeneration
 S - a ring of flight
 T - the ring "Kihejos" {+Blink rF+ Str+6 Int+2 Stlth+}
   (You found it in a Gauntlet)

   [ring of strength]

   Str:       It affects your strength (+6).
   Int:       It affects your intelligence (+2).
   rF:        It protects you from fire.
   +Blink:    It lets you blink.
   Stlth:     It makes you more stealthy.
Wands
 j - a wand of paralysis (9)
 D - a wand of flame (21)
 Z - a wand of roots (2)
Scrolls
 a - 2 scrolls of poison
 f - 6 scrolls of fog
 h - 5 scrolls of teleportation {@r3}
 l - 3 scrolls of amnesia
 r - 5 scrolls of fear
 v - a scroll of silence
 w - 2 scrolls of butterflies
 y - 4 scrolls of vulnerability
 L - 2 scrolls of immolation
 N - a scroll of magic mapping {@r5}
 R - 4 scrolls of blinking {@r4}
Potions
 c - 6 potions of attraction
 e - a potion of lignification
 i - 3 potions of haste {@q4}
 k - 5 potions of brilliance
 m - a potion of magic
 o - 5 potions of ambrosia
 p - 6 potions of heal wounds {@q2}
 q - 5 potions of curing {@q1}
 s - a potion of invisibility
 t - 5 potions of flight
 F - a potion of resistance {@q5}
 H - 4 potions of cancellation
 P - 7 potions of mutation
Miscellaneous
 K - a condenser vane (inert)


   Skills:
 - Level 7.0 Fighting
 - Level 4.9(7.1) Throwing
 - Level 4.6(6.8) Armour
 - Level 3.4(5.5) Dodging
 - Level 5.2(7.4) Stealth
 - Level 12.7 Spellcasting
 - Level 12.1(14.3) Conjurations
 + Level 13.0(20.2) Summonings
 - Level 11.7(14.0) Translocations
 - Level 6.0 Transmutations
 - Level 8.0(12.5) Ice Magic
 - Level 6.5(8.9) Evocations


You had 3 spell levels left.
You knew the following spells:

 Your Spells              Type           Power      Damage    Failure   Level
a - Irradiate             Conj/Tmut      32%        3d22      1%          5
b - Summon Hydra          Summ           45%        N/A       1%          7
c - Malign Gateway        Summ/Tloc      41%        N/A       3%          7
d - Summon Forest         Summ/Tloc      41%        N/A       1%          5
e - Blink                 Tloc           100%       N/A       1%          2
f - Freeze                Ice            100%       1d10      1%          1
g - Summon Ice Beast      Ice/Summ       81%        N/A       1%          4
h - Frozen Ramparts       Ice            100%       1d16      1%          3
i - Ozocubu's Armour      Ice            71%        N/A       1%          3

Your spell library contained the following spells:

 Spells                   Type           Power      Damage    Failure   Level
 Magic Dart               Conj           100%       1d8       0%          1
 Call Imp                 Summ           91%        N/A       0%          2
 Lesser Beckoning         Tloc           100%       N/A       1%          2
 Momentum Strike          Conj/Tloc      100%       3d10      1%          2
 Kindle Blastsparks       Fire/Tloc/Air  88%        2d17      1%          3
 Mephitic Cloud           Conj/Pois/Air  44%        N/A       1%          3
 Necrotise                Necr           100%       1d9       3%          1
 Slow                     Hex            72%        N/A       4%          1
 Cigotuvi's Dreadful Rot  Necr/Pois/Air  60%        N/A       6%          2
 Vampiric Draining        Necr           34%        2d8       10%         3
 Confusing Touch          Hex            18%        N/A       13%         3
 Iskenderun's Mystic Bla  Conj/Tloc      76%        2d15      1%          4
 Manifold Assault         Tloc           75%        N/A       1%          4
 Fulminant Prism          Conj/Hex       27%        3d13      2%          4
 Metabolic Englaciation   Hex/Ice        25%        N/A       10%         5
 Petrify                  Tmut/Erth      35%        N/A       12%         4
 Blade Hands              Tmut           24%        N/A       12%         5
 Ozocubu's Refrigeration  Ice            35%        4d15      24%         7
 Dispel Undead            Necr           34%        3d15      30%         4
 Cause Fear               Hex            9%         N/A       41%         4
 Olgreb's Toxic Radiance  Pois           17%        N/A       43%         4
 Agony                    Necr           34%        N/A       65%         5
 Lee's Rapid Deconstruct  Erth           10%        3d8*      71%         5
 Dragon's Call            Summ           45%        N/A       77%         9
 Statue Form              Tmut/Erth      23%        N/A       88%         6
 Eringya's Noxious Bog    Tmut/Pois      16%        N/A       91%         6
 Dragon Form              Tmut           24%        N/A       98%         7
 Death Channel            Necr           17%        N/A       99%         6
 Ignition                 Fire           10%        3d5       100%        8


Dungeon Overview and Level Annotations

Branches:
Dungeon (12/15) Zot: 25415  Temple (1/1) D:7 Zot: 5972    Lair (5/5) D:9 Zot: 25708
  Swamp (4/4) Lair:2 Zot: 23600  Spider (4/4) Lair:3 Zot: 23333   Slime (0/5) Lair:5
    Orc (2/2) D:10 Zot: 10568     Elf (0/3) Orc:2        Bailey (visited)
  IceCv (visited)         Volcano (visited)         Gauntlet (visited)

Altars:
Ashenzari
Cheibriados
Dithmenos
Elyvilon
Gozag
Hepliaklqana
Kikubaaqudgha
Okawaru
Qazlal
Ru
Sif Muna
Trog
Uskayaw
Wu Jian
Xom
Zin
The Shining One
Jiyva

Shops:
D:3 =   D:8 *   D:11 [   Orc:2 *!![

Annotations:
D:5 exclusions: downstairs and ice beast
D:6 exclusion: steam dragon
D:9 Erica
Spider:4 1 exclusion


Innate Abilities, Weirdness & Mutations

You are completely covered in rugged brown scales. (AC +3, +7% HP)
Armour fits poorly on your strangely shaped body.
You have a long armoured tail.
You roll when moving toward enemies. (Rampage)
Your long tongue fully drains potion bottles. (2x potion effects)
Your tongue gives you trouble enunciating. (1.5x scroll delay)
You are agile. (Dex +4, Str/Int -1)


Message History

Press: ? - help, Dir - move target, f - culicivora
Aim: a culicivora (severely wounded, held by your snaplasher vine, not watching you, ally target) Attack!
Your eldritch tentacle closely misses the culicivora.
Your eldritch tentacle barely misses the culicivora.
The culicivora bites your snaplasher vine.
The culicivora draws strength from your snaplasher vine's injuries!
Your snaplasher vine loses its grip on the culicivora.
The vine drags the culicivora backwards!
Your snaplasher vine misses the culicivora.
Your snaplasher vine hits the culicivora!
Your dryad hits the culicivora!
The culicivora dies!
Your eldritch tentacle closely misses the culicivora.
Your eldritch tentacle claws the culicivora!!
Your eldritch tentacle freezes the culicivora!!
The culicivora dies!
Your base Summonings skill increases to level 13!
Your eldritch tentacle slaps the jumping spider!!
Your eldritch tentacle claws the jumping spider!!
The jumping spider dies!
Your eldritch tentacle barely misses the jumping spider.
The jumping spider pounces on your eldritch tentacle.
Your eldritch tentacle slaps the jumping spider!
Your eldritch tentacle freezes the jumping spider!!!
The jumping spider dies!
Space becomes stable.
Your dryad disappears in a puff of smoke!
The vine falls limply to the ground.
Your eldritch tentacle suddenly becomes enraged!
You enter the shallow water.
A culicivora comes into view.
The eldritch tentacle slaps you!
* * * LOW HITPOINT WARNING * * *
The eldritch tentacle freezes you!!!
* * * LOW HITPOINT WARNING * * *
The eldritch tentacle claws you.
* * * LOW HITPOINT WARNING * * *
The eldritch tentacle shocks you!!
You die...

, , ,^ * #~.#..#
** * ,#~....# ,
,,*, ^#~~..^# * ,,
##~...# ,~ *,
#~~...# ~ ~* ,,
#~~~.## * ~~ ~ ,,,
#~~†~.# ~~~* ,
#.~~~.#
~~~~♣#♣####.~#w@#
~~~§~~*†....../~~#
*~~~~~~.#†.†^│...#
~#~...s...*...#
...─..........##
..^.......#...*#
#♣#♣♣♣########♣#


You could see an eldritch tentacle and a culicivora (wandering).

Vanquished Creatures
  An orc warlord (Bailey)
  The ghost of Valamore the Severer, a journeyman AtHu of Okawaru (Lair:3)
  An ettin (Orc:2)
  2 hell beasts (Swamp:4)
  3 ogre magi (Orc:2)
  A dancing weapon (Volcano)
  15 two-headed ogres
  An orc high priest (Orc:1)
  The ghost of demibob the Carver, a novice DsWn of Trog (D:9)
  9 death yaks
  A swamp dragon (Swamp:4)
  A spectral hydra (Lair:5)
  3 orc knights
  A wolf spider (Lair:5)
  3 cyclopes
  A moth of wrath (Spider:4)
  2 toenail golems (Volcano)
  A guardian serpent (Lair:5)
  8 elephants
  2 torpor snails (Lair:5)
  2 black mambas
  6 cane toads
  3 rime drakes
  2 unseen horrors (D:11)
  A kobold demonologist (D:9)
  4 komodo dragons
  3 trolls
  2 meliai (Gauntlet)
  5 hornets
  A tyrant leech (Lair:5)
  A tarantella (Spider:4)
  5 blink frogs (Lair:5)
  2 wyverns (Lair:5)
  24 yaks
  3 shadows
  3 fire bats (Lair:2)
  A steam dragon (D:8)
  A death yak simulacrum (D:12)
  A basilisk (Lair:3)
  3 redbacks
  4 vampire mosquitoes (D:12)
  3 wargs (Orc:1)
  7 water moccasins
  26 orc warriors
  Pargi (D:4)
  2 ice beasts (D:7)
  2 black bears (D:9)
  A sky beast (D:7)
  3 wolves (IceCv)
  16 ogres
  A centaur (D:8)
  9 kobold brigands
  A scorpion (D:5)
  5 bullfrogs
  A two-headed ogre simulacrum (D:12)
  2 cane toad simulacra (D:12)
  3 elephant simulacra (D:12)
  12 killer bees
  A howler monkey (D:9)
  2 jellies
  8 orc priests
  2 gnoll boudas
  2 hounds
  2 iguanas
  11 orc wizards
  A spriggan simulacrum (D:12)
  7 gnolls
  3 adders
  9 river rats (D:8)
  An ufetubus (D:7)
  A worm (D:4)
  76 orcs
  2 endoplasms
  4 giant cockroaches
  16 goblins
  16 hobgoblins
  2 jackals (D:4)
  8 kobolds
  2 quokkas
  7 ball pythons
  4 frilled lizards
  12 rats (D:8)
429 creatures vanquished.

Vanquished Creatures (collateral kills)
  Jorgrun (Spider:1)
  2 emperor scorpions
  2 ghost moths (Spider:4)
  The ghost of baller8008 the Protected, a journeyman AtFi of the Shining One (Lair:5)
  A broodmother (Spider:4)
  A minotaur (Gauntlet)
  A spark wasp (Spider:4)
  A green death (Swamp:4)
  An entropy weaver (Spider:4)
  A fire dragon (Lair:5)
  A great orb of eyes (Swamp:4)
  8 hydras
  A ghost crab (Swamp:3)
  2 jorogumos (Spider:4)
  A radroach (Spider:1)
  An ogre mage (Orc:2)
  4 two-headed ogres
  A boulder beetle (Spider:4)
  A thrashing horror (Swamp:4)
  2 skysharks
  A sun moth (Spider:4)
  2 pharaoh ants
  4 orb spiders (Spider:4)
  A lindwurm (Lair:5)
  3 swamp dragons (Swamp:4)
  4 bog bodies (Swamp:4)
  A spectral jorogumo (Spider:4)
  A spectral wolf spider (Spider:4)
  A spectral hydra (Lair:5)
  A steelbarb worm (Spider:4)
  2 nameless horrors
  2 moths of wrath (Spider:4)
  10 wolf spiders
  An orc sorcerer (Orc:2)
  4 ugly things (Swamp:4)
  11 elephants
  3 demonic crawlers
  2 black mambas (Lair:5)
  2 orange demons (Swamp:4)
  An unseen horror (D:12)
  3 rime drakes
  A spectral redback (Spider:4)
  7 torpor snails
  A minotaur zombie (Gauntlet)
  6 cane toads
  A redback zombie (Spider:4)
  3 komodo dragons
  A meliai (Gauntlet)
  8 hornets
  5 polar bears
  4 tyrant leeches
  2 dream sheep (Lair:2)
  2 blink frogs (Lair:5)
  A spectral jumping spider (Spider:4)
  14 jumping spiders
  8 tarantellas
  11 slime creatures
  15 culicivoras
  4 wyverns
  2 spectral black mambas (Lair:5)
  2 shadows (Swamp:4)
  4 yaks
  A fire bat (Lair:5)
  11 redbacks
  A vampire mosquito (D:12)
  4 swamp worms
  3 large abominations (Swamp:4)
  6 water moccasins
  4 orc warriors
  8 ogres
  9 wolves
  A centaur (D:9)
  6 bullfrogs
  A scorpion (D:9)
  A dream sheep simulacrum (Lair:5)
  A killer bee (D:9)
  5 orc priests
  A gnoll bouda (Lair:2)
  3 jellies (Lair:3)
  A gnoll (Bailey)
  2 white imps (D:6)
  7 orcs
  A goblin (Bailey)
  3 hobgoblins (Bailey)
  3 kobolds (D:8)
279 creatures vanquished.

Vanquished Creatures (others)
  25 eldritch tentacles
  A redback (Spider:4)
  A water moccasin (Lair:5)
  An orc (D:8)
  27 fungi
  51 plants
  A snaplasher vine (Spider:4)
  A withered plant (Gauntlet)
108 creatures vanquished.

Grand Total: 816 creatures vanquished

Notes
Turn   | Place    | Note
-------+----------+-------------------------------------------
     0 | D:1      | iguanaiguana the Armataur Ice Elementalist began the quest
                  | for the Orb.
     0 | D:1      | Reached XP level 1. HP: 14/14 MP: 3/3
   148 | D:1      | Reached XP level 2. HP: 21/21 MP: 2/4
   230 | D:3      | Reached XP level 3. HP: 17/27 MP: 1/5
   234 | D:3      | Learned a level 3 spell: Frozen Ramparts
   263 | D:3      | Found Zayn's Jewellery Boutique.
   325 | D:4      | Reached skill level 5 in Ice Magic
   325 | D:4      | Reached XP level 4. HP: 32/35 MP: 2/6
   490 | D:4      | Noticed Pargi
   497 | D:4      | Killed Pargi
   498 | D:4      | Reached XP level 5. HP: 40/40 MP: 3/7
   614 | D:5      | Entered Level 5 of the Dungeon
   627 | D:5      | Noticed an ice beast
   722 | D:4      | Learned a level 3 spell: Ozocubu's Armour
   735 | D:4      | Found a hide-covered altar of Uskayaw.
   742 | D:4      | Reached XP level 6. HP: 45/48 MP: 4/9
   859 | D:6      | Noticed a steam dragon
   983 | D:6      | Noticed a water moccasin
   996 | D:6      | Killed a water moccasin
   997 | D:6      | Reached skill level 2 in Summonings
   997 | D:6      | Reached XP level 7. HP: 48/53 MP: 2/11
  1007 | D:6      | Learned a level 4 spell: Summon Ice Beast
  1086 | D:6      | Found a stormy altar of Qazlal.
  1089 | D:6      | Found a broken altar of Ashenzari.
  1093 | D:6      | Became a worshipper of Ashenzari the Shackled
  1404 | D:6      | Reached skill level 3 in Summonings
  1522 | D:7      | Reached skill level 4 in Summonings
  1556 | D:7      | Found a staircase to the Ecumenical Temple.
  1600 | D:7      | Reached XP level 8. HP: 48/60 MP: 1/12
  1652 | D:7      | Reached skill level 5 in Summonings
  1821 | D:7      | Reached skill level 6 in Summonings
  1995 | Temple   | Entered the Ecumenical Temple
  2103 | D:8      | Reached * piety under Ashenzari
  2166 | D:8      | Reached skill level 5 in Spellcasting
  2166 | D:8      | Reached XP level 9. HP: 60/66 MP: 6/16
  2383 | D:9      | Noticed a komodo dragon
  2396 | D:9      | Killed a komodo dragon
  2397 | D:9      | Reached skill level 1 in Fighting
  2440 | D:9      | Paralysed by a hornet for 3 turns
  2453 | D:9      | Noticed a two-headed ogre
  2480 | D:9      | Killed a two-headed ogre
  2481 | D:9      | Reached skill level 5 in Fighting
  2546 | D:9      | Found a staircase to the Lair.
  2568 | D:10     | Entered Level 10 of the Dungeon
  2582 | D:10     | Reached ** piety under Ashenzari
  2612 | D:10     | Found a flagged portal.
  2647 | Bailey   | Entered a bailey
  2775 | Bailey   | Reached skill level 1 in Evocations
  2777 | Bailey   | Reached XP level 10. HP: 78/88 MP: 1/17
  2796 | Bailey   | Noticed an orc knight
  2814 | Bailey   | Killed an orc knight
  3050 | Bailey   | Reached skill level 5 in Evocations
  3111 | Bailey   | Reached skill level 1 in Throwing
  3203 | Bailey   | Noticed an orc warlord
  3215 | Bailey   | Killed an orc warlord
  3315 | D:9      | Found a glowing golden altar of the Shining One.
  3333 | D:9      | Noticed Erica
  3336 | D:9      | Found a runed translucent gate.
  3337 | D:9      | Found a runed translucent gate.
  3338 | D:9      | Found a runed translucent gate.
  3339 | D:9      | Noticed a two-headed ogre
  3343 | D:9      | Noticed demibob's ghost (novice DsWn)
  3345 | D:8      | Found Vyet's Assorted Antiques.
  3350 | D:8      | Reached skill level 5 in Stealth
  3350 | D:8      | Reached skill level 8 in Summonings
  3350 | D:8      | Reached XP level 11. HP: 66/98 MP: 4/21
  3350 | D:8      | Reached XP level 12. HP: 72/107 MP: 4/22
  3354 | D:8      | Bought a golden ring for 95 gold pieces
  3541 | D:2      | Found an iron altar of Okawaru.
  3618 | D:3      | Bought an amulet of magic regeneration for 360 gold pieces
  3753 | D:4      | Found a bloodstained altar of Trog.
  3953 | D:9      | Learned a level 2 spell: Blink
  4026 | D:11     | Reached skill level 1 in Translocations
  4079 | D:11     | Found Ped Xeme's Antique Armour Boutique.
  4134 | D:11     | Noticed a two-headed ogre
  4143 | D:11     | Killed a two-headed ogre
  4314 | D:12     | Found a frozen archway.
  4375 | IceCv    | Entered an ice cave
  4385 | IceCv    | Reached skill level 1 in Conjurations
  4409 | IceCv    | Reached skill level 1 in Transmutations
  4444 | IceCv    | Reached XP level 13. HP: 65/112 MP: 23/23
  4450 | IceCv    | Learned a level 5 spell: Irradiate
  4504 | IceCv    | Reached skill level 5 in Conjurations
  4619 | IceCv    | Noticed a frost giant
  4902 | D:12     | Identified the Precepts of the Traveller
  5114 | D:11     | Identified the +1 ring mail "Miarin" {Contam rN+ Str+2
                  | Dex+4}
  5216 | D:11     | Bought a glowing helmet for 217 gold pieces
  5596 | D:10     | Reached skill level 5 in Transmutations
  5602 | D:10     | Identified the +9 great mace of Sudden Death {spect, Str+5}
  5709 | D:10     | Found a staircase to the Orcish Mines.
  5714 | Orc:1    | Entered Level 1 of the Orcish Mines
  5911 | D:11     | Bought a smoking cloak for 275 gold pieces
  5911 | D:11     | Identified the +1 cloak "Vidy Cis" {rPois Str+4 Int-2
                  | Stlth+} (You bought it in a shop on level 11 of the
                  | Dungeon)
  6149 | Orc:2    | Entered Level 2 of the Orcish Mines
  6158 | Orc:2    | Found a staircase to the Elven Halls.
  6243 | Orc:2    | Reached *** piety under Ashenzari
  6255 | Orc:2    | Found the +8 demon blade "Leech" {evervamp, Harm Drain rN+}
  6256 | Orc:2    | Noticed an ettin
  6271 | Orc:2    | Killed an ettin
  6396 | Orc:2    | Reached skill level 10 in Conjurations
  6580 | Orc:2    | Reached **** piety under Ashenzari
  6982 | Orc:2    | Reached XP level 14. HP: 109/120 MP: 23/26
  7131 | Orc:2    | Found Japocog's Assorted Antiques.
  7131 | Orc:2    | Found Kouc's Distillery.
  7132 | Orc:2    | Found Jafarph's Distillery.
  7132 | Orc:2    | Found Nahecid's Antique Armour Shop.
  7143 | Orc:2    | Bought a faintly humming buckler for 256 gold pieces
  7143 | Orc:2    | Identified the +3 buckler of Xuaddau {rPois rF++ Dex+3}
                  | (You bought it in a shop on level 2 of the Orcish Mines)
  7154 | Orc:2    | Bought a potion of brilliance for 40 gold pieces
  7154 | Orc:2    | Bought a potion of heal wounds for 50 gold pieces
  7154 | Orc:2    | Bought a potion of heal wounds for 50 gold pieces
  7154 | Orc:2    | Bought a potion of mutation for 80 gold pieces
  7154 | Orc:2    | Bought a potion of curing for 30 gold pieces
  7154 | Orc:2    | Bought a potion of curing for 30 gold pieces
  7155 | Orc:2    | Bought a potion of heal wounds for 75 gold pieces
  7155 | Orc:2    | Bought a potion of curing for 45 gold pieces
  7432 | D:9      | Killed demibob's ghost
  7489 | Lair:1   | Entered Level 1 of the Lair of Beasts
  7543 | Lair:2   | Reached skill level 5 in Translocations
  7546 | Lair:2   | Found a dark tunnel.
  7555 | Volcano  | Entered a volcano
  7819 | Lair:3   | Found a hole to the Spider Nest.
  7876 | Lair:3   | Found a runed translucent gate.
  7876 | Lair:3   | Found a runed translucent gate.
  7876 | Lair:3   | Found a runed translucent gate.
  7878 | Lair:3   | Noticed Valamore's ghost (journeyman AtHu)
  7944 | Lair:3   | Reached skill level 9 in Summonings
  8089 | Lair:3   | Found a viscous altar of Jiyva.
  8090 | Lair:3   | Reached ***** piety under Ashenzari
  8101 | Lair:3   | Learned a level 7 spell: Malign Gateway
  8118 | Lair:3   | Killed Valamore's ghost
  8196 | Lair:5   | Entered Level 5 of the Lair of Beasts
  8196 | Lair:5   | Found a gate leading to a gauntlet.
  8200 | Gauntlet | Entered a Gauntlet
  8200 | Gauntlet | Found a runed translucent gate.
  8200 | Gauntlet | Found a transporter.
  8200 | Gauntlet | Found a runed translucent gate.
  8200 | Gauntlet | Found a runed translucent gate.
  8200 | Gauntlet | Found a transporter.
  8202 | Gauntlet | Found a transporter.
  8202 | Gauntlet | Found a transporter.
  8205 | Gauntlet | Found a transporter.
  8224 | Gauntlet | Found a transporter.
  8226 | Gauntlet | Identified the ring "Kihejos" {+Blink rF+ Str+6 Int+2
                  | Stlth+}
  8248 | Gauntlet | Found a transporter.
  8323 | Gauntlet | Identified the +4 long sword of Dancing Destruction {drain,
                  | *Corrode rPois rC++ Int+3}
  8323 | Gauntlet | Identified the ring "Wyaduom" {+Blink Will+ Str+3}
  8323 | Gauntlet | Found a transporter.
  8330 | Gauntlet | Found a transporter.
  8330 | Gauntlet | Found a transporter.
  8353 | Gauntlet | Found a transporter.
  8382 | Gauntlet | Found a transporter.
  8397 | Gauntlet | Found a transporter.
  8427 | Gauntlet | Reached skill level 10 in Summonings
  8495 | Gauntlet | Identified the +1 morningstar of Crusades {antimagic, rC-
                  | rN+++ Int+3 Dex+5}
  8545 | Lair:5   | Paralysed by a hornet for 3 turns
  8553 | Lair:5   | Reached XP level 15. HP: 43/126 MP: 19/28
  8617 | Lair:5   | Found a runed translucent gate.
  8617 | Lair:5   | Found a runed translucent gate.
  8617 | Lair:5   | Found a runed translucent gate.
  8622 | Lair:5   | Noticed baller8008's ghost (journeyman AtFi)
  8634 | Lair:5   | Reached skill level 11 in Summonings
  8637 | Lair:5   | Killed baller8008's ghost
  8637 | Lair:5   | Gained mutation: You are agile. (Dex +4, Str/Int -1)
                  | [mutagenic glow]
  8871 | Lair:5   | Found a runed translucent door.
  8957 | Lair:5   | Identified a scroll of acquirement
  8960 | Lair:5   | Acquired a Fen Folio
  9010 | Lair:5   | Paralysed by a hornet for 3 turns
  9022 | Lair:5   | Learned a level 7 spell: Summon Hydra
  9137 | Lair:5   | Found a staircase to the Slime Pits.
  9346 | Lair:3   | Reached skill level 10 in Translocations
  9696 | Lair:2   | Found a staircase to the Swamp.
  9728 | Swamp:1  | Entered Level 1 of the Swamp
  9742 | Swamp:3  | Reached skill level 10 in Spellcasting
  9766 | Swamp:4  | Entered Level 4 of the Swamp
  9984 | Swamp:4  | Reached XP level 16. HP: 40/134 MP: 3/31
 10023 | Swamp:4  | Got a decaying rune of Zot
 10041 | Swamp:4  | Learned a level 5 spell: Summon Forest
 10174 | Spider:1 | Entered Level 1 of the Spider Nest
 10199 | Spider:1 | Noticed Jorgrun
 10215 | Spider:1 | Killed Jorgrun
 10311 | Spider:4 | Entered Level 4 of the Spider Nest
 10585 | Spider:4 | Reached skill level 12 in Summonings
 10807 | Spider:4 | Reached skill level 13 in Summonings
 10819 | Spider:4 | Mangled by an eldritch tentacle

Illustrated notes

Levels and vault maps discovered:
D:1:      minmay_arrival_cross, layout_rooms
D:2:      layout_basic, basic_altar, chequers_ecumenical_altar_simple,
          grunt_ministairs_1
D:3:      layout_loops_ring, mainiacjoe_overflow_tiny_flanked, serial_shops,
          shop
D:4:      layout_loops_corners, lemuel_coloured_pillars_altar,
          lightli_temple_of_fire, overflow_temple_1_default, uniq_pargi
D:5:      layout_loops_ring, chequers_serial_rivers_micro_a
D:6:      layout_layer_cave, minitemple
D:7:      layout_rooms, temple_fountains, minmay_hedge_maze
D:8:      layout_loops_ring, serial_shops, nicolae_take_the_stairs,
          minivault_19, dk_rats_in_the_wall
D:9:      layout_irregular_city, tso_oasis_becter,
          grunt_lair_entry_orc_guard_hut, gammafunk_ghost_nasty_kobolds,
          fungi_pond_lemuel, uniq_grum, uniq_erica
D:10:     kennysheep_ambush_hall, layout_basic, hiddenorc1_lemuel,
          enter_bailey_5, hex_intersection
D:11:     layout_roguey, special_room [special_room_orc], serial_shops,
          nicolae_shop_temple_entry_statues_fountains, kennysheep_generic_room_3
D:12:     layout_roguey, portal_ice_cave_entry_ice_simulacra
Temple:   nicolae_temple_ecumenical_triangle
Lair:1:   layout_roguey, grunt_megastairs_1, infiniplex_staircase_pool_2,
          uniq_urug
Lair:2:   layout_hall_layers, palyth_hydra_swamp_entry,
          nicolae_volcano_entry_batcave, dreamdust_gnoll_shepherd
Lair:3:   layout_chaotic_city, nicolae_spider_entry_lesser_pyramids,
          gammafunk_ghost_ooze, grunt_megastairs_3
Lair:4:   layout_regular_city, chequers_serial_rivers_micro_e,
          small_statue_intersection
Lair:5:   hangedman_lair_tendril_chambers, layout_loops_ring, wormcave,
          slime_entry_1, basic_altar, gammafunk_ghost_necromancy,
          gauntlet_entry_generic
Swamp:1:  layout_falls_marsh, nicolae_swamp_tree_designs,
          nicolae_swamp_bean_lake
Swamp:2:  layout_falls_marsh, nicolae_swamp_round_clearing, lightli_tree_ring
Swamp:3:  layout_basic_swamp, serial_swamp_ruin, evilmike_swamp_ruin_house_4,
          evilmike_swamp_ruin_house_1, swamp_pool5
Swamp:4:  swamp_vile, layout_basic_swamp
Spider:1: nicolae_spider_obnoxious_hallway, uniq_jorgrun
Spider:2: layout_chambers, nicolae_spider_some_kinda_spiderbox, uniq_arachne
Spider:3: layout_spider_delve, uniq_agnes, uniq_bai_suzhen, uniq_nikola
Spider:4: floodkiller_spider_rune_tomb
Orc:1:    layout_diamond_mine
Orc:2:    st_orc_ogre_mass, layout_diamond_mine, dreamdust_deal_with_the_devil

Skill      XL: |  1  2  3  4  5  6  7  8  9 10 11 12 13 14 15 16 |
---------------+-------------------------------------------------+-----
Ice Magic      | 4 5 6 7 8 |  8.0
Spellcasting   | 2 3 5 7 8 9 11 12 | 12.7
Summonings     | 2 4 6 8 10 11 13 | 13.0
Fighting       | 6 7 |  7.0
Evocations     | 1 6 |  6.5
Throwing       | 4 |  4.9
Armour         | 4 |  4.6
Dodging        | 3 |  3.4
Stealth        | 5 |  5.2
Translocations | 4 8 11 | 11.7
Conjurations   | 4 12 | 12.1
Transmutations | 2 6 |  6.0

Action                     |  1- 3 |  4- 6 |  7- 9 | 10-12 | 13-15 | 16-18 || total
---------------------------+-------+-------+-------+-------+-------+-------++-------
  Melee: Unarmed           |    14 |    15 |       |       |       |       ||    29
         Tailslap          |     1 |     5 |     9 |    19 |    97 |     3 ||   134
         Quarterstaff      |       |    39 |    35 |       |       |       ||    74
         Punch             |       |     1 |       |     2 |     1 |       ||     4
         Trident           |       |       |     3 |       |       |       ||     3
         Short sword       |       |       |    36 |       |       |       ||    36
         Staff             |       |       |    24 |   121 |   401 |     7 ||   553
  Throw: Dart              |       |     3 |     1 |     8 |    49 |       ||    61
         Throwing net      |       |     1 |       |       |       |       ||     1
         Boomerang         |       |       |       |       |     2 |       ||     2
   Cast: Freeze            |    16 |    11 |     1 |     1 |       |       ||    29
         Frozen Ramparts   |     2 |     8 |    28 |    28 |   107 |     2 ||   175
         Ozocubu's Armour  |       |     2 |    17 |    15 |    60 |     1 ||    95
         Summon Ice Beast  |       |       |     9 |    10 |    52 |       ||    71
         Irradiate         |       |       |       |       |    35 |     1 ||    36
         Malign Gateway    |       |       |       |       |    18 |    10 ||    28
         Blink             |       |       |       |       |     2 |       ||     2
         Summon Hydra      |       |       |       |       |    59 |    41 ||   100
         Summon Forest     |       |       |       |       |       |     6 ||     6
 Invoke: Curse Item        |       |       |     3 |     1 |     4 |       ||     8
  Evoke: Wand              |       |       |     1 |    30 |    10 |     5 ||    46
         Condenser vane    |       |       |       |       |     1 |     1 ||     2
    Use: Potion            |     1 |       |       |     1 |     1 |     2 ||     5
         Scroll            |       |       |     1 |     3 |     5 |       ||     9
   Stab: Sleeping          |     1 |     1 |       |     1 |     2 |       ||     5
         Distracted        |       |       |       |       |     2 |     1 ||     3
 Armour: Robe              |    11 |     3 |       |       |       |       ||    14
         Troll leather arm |       |    24 |    50 |   100 |   420 |    78 ||   672
  Dodge: Dodged            |     7 |    28 |    73 |   125 |   307 |    54 ||   594
  Block: Buckler           |       |       |       |       |   184 |    44 ||   228

Table legend: (Time is in decaauts)
 A = Elapsed time spent in this place.
 B = Non-inter-level travel time spent in this place.
 C = Inter-level travel time spent in this place.
 D = Time resting spent in this place.
 E = Time spent auto-exploring this place.
 F = Levels seen in this place.
 G = Mean time per level.
                   A        B        C        D        E       F      G
               +--------+--------+--------+--------+--------+-----+--------+
         Total |  10994 |   9793 |   1201 |    216 |      0 |  32 |  343.6 |
       Dungeon |   5238 |   4538 |    700 |    100 |      0 |  12 |  436.5 |
        Temple |     27 |     27 |      0 |      0 |      0 |   1 |   27.0 |
          Lair |   1850 |   1686 |    164 |      0 |      0 |   5 |  370.0 |
         Swamp |    399 |    364 |     35 |      0 |      0 |   4 |   99.8 |
   Spider Nest |    666 |    651 |     15 |      0 |      0 |   4 |  166.5 |
  Orcish Mines |   1432 |   1147 |    285 |      0 |      0 |   2 |  716.0 |
        Bailey |    591 |    591 |      0 |    116 |      0 |   1 |  591.0 |
      Ice Cave |    299 |    299 |      0 |      0 |      0 |   1 |  299.0 |
       Volcano |    164 |    164 |      0 |      0 |      0 |   1 |  164.0 |
      Gauntlet |    327 |    327 |      0 |      0 |      0 |   1 |  327.0 |
               +--------+--------+--------+--------+--------+-----+--------+

Top non-repeatable levels by time:
   Orc:2: 1040 daAuts
    D:11: 896 daAuts
  Lair:5: 665 daAuts
  Lair:3: 640 daAuts
     D:6: 617 daAuts
     D:4: 616 daAuts
     D:9: 592 daAuts
  Bailey: 591 daAuts
Spider:4: 529 daAuts
    D:12: 498 daAuts
     D:8: 488 daAuts
     D:7: 456 daAuts
  Lair:2: 455 daAuts
   Orc:1: 391 daAuts
    D:10: 345 daAuts
